 Dungeon Sprint DCSS version 0.22-a0-362-g535178c (webtiles) character file.

1671 sexinstructor the Fighter (level 9, -4/86 HPs)
             Began as a Formicid Fighter on Apr 21, 2018.
             Was a Follower of Qazlal.
             Slain by a demonic crawler (5 damage)
             ... in the Dungeon (Sprint I: "Red Sonja").
             The game lasted 00:04:16 (1129 turns).

sexinstructor the Fighter (Formicid Fighter)        Turns: 1129, Time: 00:04:16

Health: -4/86      AC:  7    Str: 24    XL:     9   Next: 21%
Magic:  9/9        EV:  9    Int:  8    God:    Qazlal [*.....]
Gold:   253        SH: 11    Dex: 10    Spells: 8/8 levels left

rFire    . . .     SeeInvis +   o - +2 falchion of Foph {venom, rPois}
rCold    . . .     Gourm    .   c - +0 shield
rNeg     . . .     Faith    .   b - +0 scale mail
rPois    +         Spirit   .   (helmet unavailable)
rElec    .         Reflect  .   (no cloak)
rCorr    .         Harm     .   (no gloves)
MR       .....                  (no boots)
Stlth    ++........             (no amulet)
HPRegen  0.24/turn              (no ring)
MPRegen  0.11/turn              (no ring)

@: no status effects
A: permanent stasis, dig shafts and tunnels, four strong arms, antennae 3
a: Dig, Renounce Religion


You were in the Dungeon.
You worshipped Qazlal.
Qazlal was aware of your devotion.
You were hungry.

You visited 1 branch You collected 513 gold pieces.
You spent 260 gold pieces at shops.

Inventory:

Hand Weapons
 a - a +0 war axe
 n - a +0 broad axe
 o - the +2 falchion of Foph (weapon) {venom, rPois}
   (You bought it in a shop in the Dungeon)

   It poisons the flesh of those it strikes.
   It protects you from poison.
Armour
 b - a +0 scale mail (worn)
 c - a +0 shield (worn)
Wands
 l - a wand of flame (22)
Scrolls
 d - a scroll of remove curse {unknown}
 k - a scroll of blinking
Potions
 e - a potion of curing
 h - a potion of haste
 i - 2 potions of magic
 j - a potion of berserk rage
 m - a potion of brilliance {unknown}
Comestibles
 f - a ration


   Skills:
 + Level 13.9 Fighting
 + Level 3.2 Long Blades
 + Level 11.3 Axes
 - Level 4.7 Armour
 + Level 2.6 Dodging
 * Level 9.4 Stealth
 - Level 5.1 Shields


You had 8 spell levels left.
You didn't know any spells.

Dungeon Overview and Level Annotations

Branches:
Dungeon (1/1)

Altars:
Cheibriados
Dithmenos
Elyvilon
Fedhas
Gozag
Hepliaklqana
Kikubaaqudgha
Makhleb
Nemelex Xobeh
Okawaru
Qazlal
Ru
Sif Muna
Trog
Uskayaw
Vehumet
Wu Jian
Xom
Yredelemnul
Zin
The Shining One
Jiyva
Lugonu

Shops:
D *


Innate Abilities, Weirdness & Mutations

You cannot be hasted, slowed, berserked, paralysed or teleported.
You can dig through walls and to a lower floor.
Your four strong arms can wield two-handed weapons with a shield.
You have a pair of large antennae on your head. (SInv)


Message History

Your shield and scale mail prevent you from hitting the demonic crawler.
The demonic crawler is lightly wounded.
The demonic crawler hits you but does no damage.
You block the demonic crawler's attack.
The demonic crawler hits you but does no damage.
The kobold demonologist casts a cantrip, but nothing happens.
The demonic crawler barely misses you.
You riposte.
You slash the demonic crawler!
The demonic crawler looks as sick as possible!
The demonic crawler is moderately wounded.
The demonic crawler hits you.
* * * LOW HITPOINT WARNING * * *
The demonic crawler hits you.
* * * LOW HITPOINT WARNING * * *
You hit the demonic crawler.
The demonic crawler is moderately wounded.
The demonic crawler barely misses you.
The demonic crawler completely misses you.
The demonic crawler hits you.
You die...

#####################
.)..#.)'..#__#..@sK5#
.#..'..#..'..'..#Gs4#
###'#####'#__####s55'..#
##..#...#.#### ####..+
_####..##)# { ##
____##'#_.+ {
.∩...).(._# {
..__##_.#'# ____###(#.#


You could see 3 demonic crawlers, a kobold demonologist, a chaos spawn, a
floating eye, 2 crimson imps and a white imp.

Vanquished Creatures
  Sonja (D)
  A kobold demonologist (D)
  A demonic crawler (D)
  A slime creature (D)
  Sigmund (D)
  A yak (D)
  An ogre (D)
  A jelly (D)
  Ijyb (D)
9 creatures vanquished.

Notes
Turn   | Place    | Note
-------+----------+-------------------------------------------
     0 | D        | sexinstructor the Formicid Fighter began the quest for the Orb.
     0 | D        | Reached XP level 1. HP: 18/18 MP: 1/1
     1 | D        | Noticed Ijyb
    18 | D        | Killed Ijyb
    18 | D        | Reached skill level 4 in Fighting
    18 | D        | Reached skill level 5 in Shields
    18 | D        | Reached XP level 2. HP: 16/26 MP: 2/2
    18 | D        | Reached XP level 3. HP: 20/32 MP: 3/3
   136 | D        | Noticed an ogre
   141 | D        | Killed an ogre
   141 | D        | Reached skill level 7 in Fighting
   141 | D        | Reached skill level 1 in Stealth
   141 | D        | Reached XP level 4. HP: 27/44 MP: 4/4
   141 | D        | Reached XP level 5. HP: 30/49 MP: 5/5
   267 | D        | Noticed Sigmund
   275 | D        | Killed Sigmund
   275 | D        | Reached skill level 10 in Fighting
   275 | D        | Reached XP level 6. HP: 53/61 MP: 6/6
   324 | D        | Found an ornate altar of the Wu Jian Council.
   324 | D        | Found a deep blue altar of Sif Muna.
   326 | D        | Found a radiant altar of Vehumet.
   378 | D        | Found Ajulaen's Assorted Antiques.
   378 | D        | Found an ancient bone altar of Kikubaaqudgha.
   378 | D        | Found a hazy altar of Hepliaklqana.
   378 | D        | Found a stormy altar of Qazlal.
   378 | D        | Found a hide-covered altar of Uskayaw.
   378 | D        | Found a blossoming altar of Fedhas.
   378 | D        | Found a bloodstained altar of Trog.
   378 | D        | Found an iron altar of Okawaru.
   378 | D        | Found a basalt altar of Yredelemnul.
   378 | D        | Found a glowing golden altar of the Shining One.
   378 | D        | Found a snail-covered altar of Cheibriados.
   378 | D        | Found a sacrificial altar of Ru.
   378 | D        | Found a glowing silver altar of Zin.
   378 | D        | Found a shadowy altar of Dithmenos.
   378 | D        | Found a white marble altar of Elyvilon.
   378 | D        | Noticed a yak
   387 | D        | Killed a yak
   387 | D        | Reached skill level 11 in Fighting
   387 | D        | Reached XP level 7. HP: 30/69 MP: 7/7
   388 | D        | Found an opulent altar of Gozag.
   389 | D        | Found a sparkling altar of Nemelex Xobeh.
   392 | D        | Became a worshipper of Qazlal Stormbringer
   396 | D        | Bought a potion of heal wounds for 100 gold pieces
   396 | D        | Bought a polished falchion for 160 gold pieces
   396 | D        | Identified the +2 falchion of Foph {venom, rPois} (You bought it in a shop in the Dungeon)
   576 | D        | Noticed Sonja
   595 | D        | Killed Sonja
   595 | D        | Reached skill level 13 in Fighting
   595 | D        | Reached skill level 1 in Long Blades
   595 | D        | Reached skill level 10 in Axes
   595 | D        | Reached skill level 1 in Dodging
   595 | D        | Reached XP level 8. HP: 46/79 MP: 8/8
   943 | D        | Found a burning altar of Makhleb.
   943 | D        | Found a viscous altar of Jiyva.
   943 | D        | Found a shimmering altar of Xom.
   943 | D        | Found a corrupted altar of Lugonu.
   943 | D        | Noticed a slime creature
   956 | D        | Killed a slime creature
  1102 | D        | Noticed a kobold demonologist
  1103 | D        | Noticed a kobold demonologist
  1105 | D        | Noticed a demonic crawler
  1105 | D        | Noticed a demonic crawler
  1105 | D        | Noticed a demonic crawler
  1105 | D        | Noticed a demonic crawler
  1111 | D        | Killed a kobold demonologist
  1111 | D        | Reached * piety under Qazlal
  1111 | D        | Reached XP level 9. HP: 86/86 MP: 9/9
  1125 | D        | Killed a demonic crawler
  1128 | D        | HP: 3/86 [demonic crawler (6)]
  1128 | D        | HP: 1/86 [demonic crawler (2)]
  1129 | D        | Slain by a demonic crawler

Vault maps used:
D:        dungeon_sprint_1

Skill      XL: |  1  2  3  4  5  6  7  8  9 |
---------------+----------------------------+-----
Fighting       | 4 7 10 11 13 | 13.9
Armour         | 4 |  4.7
Shields        | 5 |  5.1
Axes           | 4 7 8 10 11 | 11.3
Stealth        | 1 2 3 7 8 9 |  9.4
Long Blades    | 1 2 3 |  3.2
Dodging        | 1 2 |  2.6

Action                   |  1- 3 |  4- 6 |  7- 9 || total
-------------------------+-------+-------+-------++-------
Melee: War axe           |    19 |     9 |       ||    28
       Broad axe         |       |     9 |       ||     9
       Falchion          |       |       |    44 ||    44
  Use: Potion            |     1 |       |     2 ||     3
 Stab: Sleeping          |       |       |     1 ||     1
Armor: Scale mail        |     8 |     2 |    28 ||    38
Dodge: Dodged            |     5 |     3 |    35 ||    43
Block: Shield            |     5 |     6 |    37 ||    48
       Rpst.: Falchion   |       |       |     8 ||     8

Table legend:
 A = Spawn XP
 B = Non-spawn XP
 C = Spawn XP percentage of total XP
 D = Spawn monster count
 E = Non-spawn monster count
 F = Spawn count percentage of total count
 G = Total turns spent on level
                    A         B        C        D         E        F      G
               +---------+---------+-------+---------+---------+-------+---------
         Total |       0 |    2388 |   0.0 |       0 |       9 |   0.0 |  1129
               +---------+---------+-------+---------+---------+-------+---------
             D |       0 |    2388 |   0.0 |       0 |       9 |   0.0 |  1129
               +---------+---------+-------+---------+---------+-------+---------
